 Dungeon Crawl Stone Soup version 0.25-a0-189-gf71692caf1 (webtiles) character file.

Game seed: 2329097700805254688, levelgen mode: deterministic

63 Leeroy the Conjurer (level 3, -3/26 HPs)
             Began as a Draconian Conjurer on Nov 29, 2019.
             Was an Initiate of Okawaru.
             Slain by a scorpion (6 damage)
             ... on level 2 of the Dungeon.
             The game lasted 00:02:59 (2116 turns).

Leeroy the Conjurer (Draconian Conjurer)            Turns: 2116, Time: 00:03:00

Health: -3/26      AC:  5    Str: 10    XL:     3   Next: 89%
Magic:  1/6        EV: 12    Int: 16    God:    Okawaru [......]
Gold:   56         SH:  0    Dex: 11    Spells: 0/6 levels left

rFire    . . .     SeeInvis .   k - +0 broad axe
rCold    . . .     Gourm    .   (no shield)
rNeg     . . .     Faith    .   (armour unavailable)
rPois    .         Spirit   .   (helmet restricted)
rElec    .         Reflect  .   (no cloak)
rCorr    .         Harm     .   (no gloves)
MR       .....                  (no boots)
Stlth    ++........             (no amulet)
HPRegen  0.08/turn              (no ring)
MPRegen  0.10/turn              (no ring)

@: no status effects
A: unfitting armour, cold-blooded, AC +5
a: Renounce Religion


You were on level 2 of the Dungeon.
You worshipped Okawaru.
Okawaru was noncommittal.
You were not hungry.

You visited 1 branch of the dungeon, and saw 2 of its levels.

You collected 56 gold pieces.

Inventory:

Hand Weapons
 d - a +0 spear
 g - a +0 dagger
 k - a +0 broad axe (weapon)
Missiles
 l - 5 curare-tipped darts (quivered)
Jewellery
 f - an uncursed ring of protection from fire {unknown}
Scrolls
 c - 2 scrolls of identify {unknown}
 e - a scroll of blinking {unknown}
 m - a scroll of enchant armour {unknown}
Potions
 a - 2 potions of curing
 h - a potion of flight {unknown}
 i - a potion of agility {unknown}
Comestibles
 b - 4 rations


   Skills:
 - Level 1.7 Dodging
 - Level 1.7 Stealth
 - Level 2.0 Spellcasting
 + Level 5.5 Conjurations


You couldn't memorise any spells.
You knew the following spells:

 Your Spells              Type           Power        Failure   Level  Hunger
a - Magic Dart            Conj           ###.         2%          1    #......
b - Searing Ray           Conj           ###...       3%          2    ###....
c - Dazzling Spray        Conj/Hex       ##....       21%         3    ###....

Your spell library contained the following spells:

 Spells                   Type           Power        Failure   Level  Hunger
 Iskenderun's Mystic Bla  Conj           ###.....     22%         4    #####..
 Force Lance              Conj/Tloc      ##......     54%         4    #####..
 Fulminant Prism          Conj/Hex       ##........   54%         4    #####..


Dungeon Overview and Level Annotations

Branches:
Dungeon (2/15)

Altars:
Elyvilon
Okawaru


Innate Abilities, Weirdness & Mutations

Your plain brown scales are hard. (AC +5)
You cannot fit into any form of body armour.
You are cold-blooded and may be slowed by cold attacks.


Message History

The searing ray hits the kobold.
The kobold is moderately wounded. (Press . to maintain the ray.)
The kobold hits you.
The searing ray misses the kobold.
The searing ray hits the scorpion.
The scorpion is lightly wounded.
The kobold misses you.
The searing ray misses the kobold.
The searing ray hits the scorpion.
The scorpion is moderately wounded.
The kobold closely misses you.
The searing ray hits the kobold!
You kill the kobold!
Okawaru accepts your kill.
The searing ray misses the scorpion.
You finish channeling your searing ray.
The scorpion stings you!
* * * LOW HITPOINT WARNING * * *
You slash the scorpion!
The scorpion is severely wounded.
The scorpion stings you.
You die...

.# ##≈≈ ≈≈≈ ### .# ≈≈≈≈ ≈≈≈
≈≈##.# ≈≈≈≈ ≈≈≈ ≈≈≈≈.# ≈≈≈≈
#≈≈ ≈≈≈≈≈# ≈≈≈≈ ..# ≈≈≈≈≈
≈#.# #.# ≈≈≈ ## # #s#$# ##@#
## ### #.## #.# ..# ##.##
##.. #.# ##.###.# # ##.##
##.#..# ###...######
##.#.####.## ...........#
#.....(...#
###...####.########.#.####..#
# ##.## #...........#.#


You could see a scorpion.

Vanquished Creatures
  2 adders (D:2)
  2 worms (D:2)
  2 dart slugs
  A leopard gecko (D:2)
  3 giant cockroaches
  3 goblins (D:1)
  2 quokkas (D:2)
  A ball python (D:1)
  3 bats
  A frilled lizard (D:1)
  8 kobolds
  7 rats
35 creatures vanquished.

Notes
Turn   | Place    | Note
-------+----------+-------------------------------------------
     0 | D:1      | Leeroy the Draconian Conjurer began the quest for the Orb.
     0 | D:1      | Reached XP level 1. HP: 14/14 MP: 3/3
   721 | D:1      | Reached XP level 2. HP: 19/20 MP: 5/5
   728 | D:1      | Learned a level 2 spell: Searing Ray
  1273 | D:2      | Reached skill level 5 in Conjurations
  1273 | D:2      | Reached XP level 3. HP: 26/26 MP: 1/6
  1334 | D:2      | Learned a level 3 spell: Dazzling Spray
  1650 | D:2      | Found an iron altar of Okawaru.
  1651 | D:2      | Found a white marble altar of Elyvilon.
  1666 | D:2      | Became a worshipper of Warmaster Okawaru
  2108 | D:2      | Noticed a scorpion
  2116 | D:2      | Slain by a scorpion

Levels and vault maps discovered:
D:1:      dpeg_arrival_oval, layout_loops_corners
D:2:      wander_river, layout_loops_ring, tso_altar,
          gammafunk_temple_overflow_pools, first_ration

Skill      XL: |  1  2 |
---------------+-------+-----
Conjurations   | 5 |  5.5
Dodging        | |  1.7
Stealth        | |  1.7
Spellcasting   | |  2.0

Action                   || total
-------------------------++-------
Melee: Unarmed           ||    52
       Spear             ||   102
       Tailslap          ||    14
       Broad axe         ||    15
 Cast: Magic Dart        ||     2
       Searing Ray       ||     4
  Use: Potion            ||     1
 Stab: Sleeping          ||     9
  Eat: Chunk             ||     4
Armor: Skin              ||    42
Dodge: Dodged            ||    87

Table legend:
 A = Non-vault XP
 B = Vault XP
 C = Vault XP percentage of total XP
 D = Non-vault monster count
 E = Vault monster count
 F = Vault count percentage of total count
                 A         B        C        D         E       F
            +---------+---------+-------+---------+---------+-------
      Total |      91 |       0 |   0.0 |      35 |       0 |   0.0
            +---------+---------+-------+---------+---------+-------
        D:1 |      32 |       0 |   0.0 |      20 |       0 |   0.0
        D:2 |      59 |       0 |   0.0 |      15 |       0 |   0.0
            +---------+---------+-------+---------+---------+-------
